 Dungeon Crawl Stone Soup version 0.21.1-1-g345015f (webtiles) character file.

5665 tidbits the Covert (level 10, 19/74 HPs)
             Began as a Gnoll Enchanter on June 9, 2018.
             Was a Follower of Cheibriados.
             Quit the game on level 1 of the Swamp.
             The game lasted 00:35:03 (2672 turns).

tidbits the Covert (Gnoll Enchanter)                Turns: 2672, Time: 00:35:04

Health: 19/74      AC:  6    Str: 10 (13) XL:     10   Next: 75%
Magic:  20/21      EV: 16    Int: 21 (23) God:    Cheibriados [*.....]
Gold:   440        SH:  0    Dex: 27 (28) Spells: 5/24 levels left

rFire    . . .     SeeInvis .   a - +1 dagger
rCold    . . .     Gourm    .   (no shield)
rNeg     . . .     Faith    .   B - +1 robe "Noforywna" {*Contam +Inv Regen+ Dex+6}
rPois    +         Spirit   .   E - +2 hat
rElec    .         Reflect  .   (no cloak)
rCorr    .         Harm     .   (no gloves)
MR       .....                  F - +0 pair of boots
Stlth    ++++++....             u - amulet of magic regeneration
HPRegen  0.62/turn              P - ring of poison resistance
MPRegen  0.42/turn              (no ring)

@: agile, grasped by roots, very slightly contaminated, drained, very slow
A: distributed training, fangs 1, strong nose
a: Bend Time, Renounce Religion, Evoke Invisibility


You were on level 1 of the Swamp.
You worshipped Cheibriados.
Cheibriados was aware of your devotion.
You were not hungry.

You visited 4 branches of the dungeon, and saw 13 of its levels.

You collected 440 gold pieces.

Inventory:

Hand Weapons
 a - a +1 dagger (weapon)
 b - the +7 short sword "Weoxeboaq" {freeze, rPois rC+ Dex+4}
   (You found it on level 1 of the Lair of Beasts)

   It has been specially enchanted to freeze those struck by it, causing extra
   injury to most foes and up to half again as much damage against particularly
   susceptible opponents.
   It can also slow down cold-blooded creatures.
   It affects your dexterity (+4).
   It protects you from cold.
   It protects you from poison.
 m - a +0 rapier
 n - a +0 dagger of freezing
   (You found it on level 3 of the Dungeon)
 q - a +0 shortbow
 s - a cursed -1 trident
 t - a +1 dagger of holy wrath
   (You took it off Dowan on level 5 of the Dungeon)
 z - a +0 rapier
 I - a cursed -1 war axe
 K - a +1 great sword of draining
   (You found it on level 2 of the Lair of Beasts)
 L - a +1 flail of holy wrath
   (You found it on level 1 of the Lair of Beasts)
Missiles
 f - 10 bolts
 j - 109 arrows
 k - 2 tomahawks (quivered)
 p - 13 stones
Armour
 y - a +2 robe of magic resistance
   (You took it off Dowan on level 5 of the Dungeon)
 B - the +1 robe "Noforywna" (worn) {*Contam +Inv Regen+ Dex+6}
   (You found it on level 4 of the Dungeon)

   It affects your dexterity (+6).
   It lets you turn invisible.
   It causes magical contamination when unequipped.
   It increases your rate of regeneration.
 E - a +2 hat (worn)
 F - a +0 pair of boots (worn)
 J - a +0 robe
Jewellery
 u - an amulet of magic regeneration (around neck)
   (You found it on level 6 of the Dungeon)
 x - an uncursed ring of fire
   (You found it on level 7 of the Dungeon)
 P - a ring of poison resistance (left hand)
   (You found it on level 6 of the Dungeon)
Wands
 e - a wand of disintegration (14)
 l - a wand of polymorph (14)
Scrolls
 g - 4 scrolls of fog
 r - 4 scrolls of remove curse
 H - a scroll of random uselessness
 S - a scroll of enchant armour
Potions
 h - a potion of flight
 i - 3 potions of curing
 o - a potion of ambrosia
 v - a potion of lignification {unknown}
 A - a potion of degeneration
 G - a potion of cancellation {unknown}
 M - a potion of haste {unknown}
 O - a potion of might {unknown}
 Q - 2 potions of agility
 R - a potion of berserk rage {unknown}
Books
 d - a book of Maledictions

   Spells                             Type                      Level
   a - Corona                         Hexes                        1
   b - Ensorcelled Hibernation        Hexes/Ice                    2
   c - Confuse                        Hexes                        3
   d - Tukima's Dance                 Hexes                        3
   e - Dazzling Spray                 Conjuration/Hexes            3
 C - a book of Air
   (You found it on level 7 of the Dungeon)

   Spells                             Type                      Level
   a - Shock                          Conjuration/Air              1
   b - Swiftness                      Charms/Air                   2
   c - Static Discharge               Conjuration/Air              3
   d - Airstrike                      Air                          4
   e - Lightning Bolt                 Conjuration/Air              5
 D - a book of Changes
   (You found it on level 2 of the Lair of Beasts)

   Spells                             Type                      Level
   a - Beastly Appendage              Transmutation                1
   b - Sticks to Snakes               Transmutation                2
   c - Spider Form                    Transmutation/Poison         3
   d - Ice Form                       Ice/Transmutation            4
   e - Blade Hands                    Transmutation                5
Comestibles
 c - 14 rations


   Skills:
 + Level 5.4(5.2) Fighting
 + Level 6.1(5.8) Short Blades
 + Level 5.4(5.2) Long Blades
 + Level 5.4(5.2) Axes
 + Level 5.4(5.2) Maces & Flails
 + Level 5.4(5.2) Polearms
 + Level 5.4(5.2) Staves
 + Level 5.4(5.2) Slings
 + Level 5.4(5.2) Bows
 + Level 5.4(5.2) Crossbows
 + Level 5.4(5.2) Throwing
 + Level 5.4(5.2) Armour
 + Level 7.2(6.9) Dodging
 + Level 8.2(7.9) Stealth
 + Level 5.4(5.2) Shields
 + Level 5.4(5.2) Unarmed Combat
 + Level 7.5(7.2) Spellcasting
 + Level 4.5(4.2) Conjurations
 + Level 7.2(6.9) Hexes
 + Level 4.5(4.2) Charms
 + Level 4.5(4.2) Summonings
 + Level 4.5(4.2) Necromancy
 + Level 4.5(4.2) Translocations
 + Level 4.5(4.2) Transmutations
 + Level 4.5(4.2) Fire Magic
 + Level 4.5(4.2) Ice Magic
 + Level 4.5(4.2) Air Magic
 + Level 4.5(4.2) Earth Magic
 + Level 4.5(4.2) Poison Magic
 + Level 6.0(5.7) Invocations
 + Level 5.4(5.2) Evocations


You had 5 spell levels left.
You knew the following spells:

 Your Spells              Type           Power        Failure   Level  Hunger
c - Confuse               Hex            #####...     1%          3    None
d - Dazzling Spray        Conj/Hex       ####..       2%          3    None
e - Ensorcelled Hibernat  Hex/Ice        ####..       1%          2    None
h - Blade Hands           Tmut           ####......   38%         5    #####..
i - Ice Form              Ice/Tmut       ####....     14%         4    ###....
k - Sticks to Snakes      Tmut           ####....     2%          2    None


Dungeon Overview and Level Annotations

Branches:
Dungeon (8/15)             Temple (1/1) D:5            Lair (3/6) D:8
  Swamp (1/4) Lair:3
  Snake: Lair:2-4    Spider: Lair:2-4

Altars:
Cheibriados
Fedhas
Gozag
Nemelex Xobeh
Sif Muna
Vehumet
Wu Jian
Zin
The Shining One

Shops:
D:6 %*

Annotations:
D:4 Natasha
Swamp:1 CptBowmore's ghost, journeyman TrBe


Innate Abilities, Weirdness & Mutations

Your experience applies equally to all skills.
You have very sharp teeth.
Your uncanny sense of smell can sniff out nearby items.


Message History

Unknown command.
Evoke which item? (* to show all) (? for menu, Esc to quit)
Okay, then.
Unknown command.
Unknown command.
As you read the scroll of teleportation, it crumbles to dust.
You feel strangely unstable. The spriggan rider misses you.
Unknown command.
The vampire mosquito bites your adder!
The vampire mosquito draws strength from your adder's injuries!
Your ball python misses the spriggan rider. x2
The spriggan rider completely misses you.
Your adder misses CptBowmore's ghost.
The vampire mosquito barely misses your adder.
The spriggan rider misses you. The vampire mosquito bites your adder!
Your adder dies!
Your ball python barely misses the vampire mosquito.
Your ball python misses the vampire mosquito.
The vampire mosquito closely misses your ball python.
Your ball python misses the vampire mosquito.
Your ball python barely misses the vampire mosquito.
The spriggan rider closely misses you.
Found 14 bolts.
Unknown command.
You enter the shallow water.
Moving in this stuff is going to be slow. ...and don't expect to remain undetected.
Your surroundings suddenly seem different.
Splash!
You hear an angry buzzing noise. x2
Unknown command.
You hear an angry buzzing noise. x2
You flicker for a moment.
You enter the shallow water.
Moving in this stuff is going to be slow. ...and don't expect to remain undetected.
You flicker back into view.
You enter the shallow water.
Moving in this stuff is going to be slow.
The ghost crab breathes spectral mist at you.
The spectral mist engulfs you!
Unknown command.
Okay, then.
Unknown command.
Okay, then.
Unknown command.
Blink to where?
Press: ? - help, Dir - move target cursor
As you read the scroll labeled REIPRE QOMNYSK, it crumbles to dust.
It was a scroll of blinking.
CptBowmore's ghost turns its malevolent gaze towards you.
The ghost crab bites you.
You feel drained. The ghost crab claws you!
Unknown command.
Casting: Confuse
Confirm with . or Enter, or press ? or * to list all spells.
You can't see any susceptible monsters within range! (Use Z to cast anyway.) Unknown command.
Casting: Confuse
Confirm with . or Enter, or press ? or * to list all spells.
Aiming: Confuse
Press: ? - help, Shift-Dir - straight line, f - ghost crab
Aim: a ghost crab (chance to defeat MR: 47%)
The ghost crab appears confused.
Unknown command.
You hit the ghost crab but do no damage.
You bite the ghost crab, but do no damage.
Okay, then.
Unknown command.
Okay, then.
Unknown command.
Okay, then.
You hit the ghost crab but do no damage.
You hit the ghost crab but do no damage.
You bite the ghost crab, but do no damage.
CptBowmore's ghost hits you!
A shambling mangrove comes into view.
You catch the helpless ghost crab completely off-guard!
You impale the ghost crab!!
The ghost crab is heavily damaged.
The ghost crab bites you.
* * * LOW HITPOINT WARNING * * *
The ghost crab barely misses you.
Unknown command.
You hit the ghost crab but do no damage.
The ghost crab is heavily damaged.
The spectral spiny frog hits you!
* * * LOW HITPOINT WARNING * * *
CptBowmore's ghost closely misses you.
The shambling mangrove reaches out with a gnarled limb.
Grasping roots rise from the ground around the shambling mangrove!
Unknown command.
You hit the ghost crab.
The ghost crab is heavily damaged.
Roots grasp at your feet, making movement difficult.
The spectral spiny frog hits you.
* * * LOW HITPOINT WARNING * * *
CptBowmore's ghost hits you!
* * * LOW HITPOINT WARNING * * *
Unknown command.
Are you sure you want to abandon this character and quit the game? (Confirm with "yes".)

♣♣♣♣♣♣♣♣♣.. ♣♣♣♣♣
♣♣≈...≈≈...# ♣♣...♣♣
♣♣.≈≈≈≈≈≈...
♣≈≈≈≈≈♣♣♣.≈≈≈≈≈≈...
♣.≈≈≈..§..§≈≈≈...♣
♣♣♣....Z..≈≈t≈≈≈.♣ )
♣♣♣♣≈♣♣♣...≈≈Z..≈.♣ .#
♣≈≈§..≈♣≈....Z@.≈.♣..#
♣≈..≈≈...≈.≈♣♣♣W.(♣..#
♣..≈≈..≈≈..♣♣♣♣≈♣♣...#
♣.........♣♣ ♣.≈♣≈..|##
♣♣♣♣≈♣♣♣♣.≈♣♣♣≈...≈≈yf.
♣♣♣♣♣....≈♣.<...$...
♣≈.≈≈..♣≈†.≈y.≈..
♣♣.≈≈..♣♣.≈≈y≈≈..
♣♣..♣♣♣♣.≈...≈..


You could see a shambling mangrove, a ghost crab (confused), a spectral
eight-headed hydra, a spectral spiny frog, a spectral swamp drake and
CptBowmore's ghost.

Vanquished Creatures
  A hydra (Lair:1)
  An alligator (Swamp:1)
  2 spiny frogs
  A rime drake (Lair:1)
  A hornet (D:7)
  2 basilisks (Lair:2)
  Menkaure (D:4)
  A water moccasin (Lair:1)
  Duvessa (D:5)
  6 porcupines
  An orc warrior (D:7)
  An ogre (D:4)
  3 centaurs
  4 wolves (Lair:2)
  2 crocodiles
  Blork the orc (D:6)
  4 bullfrogs
  Dowan (D:5)
  2 scorpions (D:4)
  2 electric eels (Lair:3)
  2 crimson imps
  A hound (D:7)
  2 orc priests (D:6)
  A bullfrog zombie (D:6)
  2 iguanas (D:6)
  3 orc wizards
  A bullfrog skeleton (D:5)
  Natasha (D:4)
  8 worker ants
  The ghost of Iko the Grave Robber, a weakling CeNe (D:5)
  A hound zombie (D:6)
  A hound skeleton (D:6)
  4 gnolls (D:6)
  6 adders
  A shadow imp (D:6)
  2 adder skeletons
  A worm (D:2)
  A dart slug (D:2)
  2 leopard geckos
  12 orcs
  3 goblins
  4 hobgoblins
  A jackal (D:4)
  2 kobolds
  3 frilled lizards
  A rat (D:1)
105 creatures vanquished.

Vanquished Creatures (collateral kills)
  A bullfrog (Lair:2)
1 creature vanquished.

Vanquished Creatures (others)
  A fungus (Lair:3)
1 creature vanquished.

Grand Total: 107 creatures vanquished

Notes
Turn   | Place    | Note
-------+----------+-------------------------------------------
     0 | D:1      | tidbits the Gnoll Enchanter began the quest for the Orb.
     0 | D:1      | Reached XP level 1. HP: 13/13 MP: 6/6
   111 | D:2      | Reached XP level 2. HP: 19/19 MP: 5/7
   115 | D:2      | Learned a level 2 spell: Ensorcelled Hibernation
   230 | D:2      | Reached XP level 3. HP: 25/25 MP: 9/9
   235 | D:2      | Learned a level 3 spell: Confuse
   239 | D:2      | Learned a level 3 spell: Dazzling Spray
   274 | D:3      | Reached skill level 5 in Spellcasting
   307 | D:4      | Reached skill level 6 in Stealth
   307 | D:4      | Reached skill level 1 in Invocations
   389 | D:4      | Reached skill level 1 in Fighting
   389 | D:4      | Reached skill level 1 in Long Blades
   389 | D:4      | Reached skill level 1 in Axes
   389 | D:4      | Reached skill level 1 in Maces & Flails
   389 | D:4      | Reached skill level 1 in Polearms
   389 | D:4      | Reached skill level 1 in Staves
   389 | D:4      | Reached skill level 1 in Slings
   389 | D:4      | Reached skill level 1 in Bows
   389 | D:4      | Reached skill level 1 in Crossbows
   389 | D:4      | Reached skill level 1 in Throwing
   389 | D:4      | Reached skill level 1 in Armour
   389 | D:4      | Reached skill level 1 in Shields
   389 | D:4      | Reached skill level 1 in Unarmed Combat
   389 | D:4      | Reached skill level 1 in Evocations
   409 | D:4      | Reached XP level 4. HP: 32/32 MP: 3/11
   426 | D:5      | Entered Level 5 of the Dungeon
   462 | D:4      | Reached skill level 1 in Conjurations
   462 | D:4      | Reached skill level 1 in Charms
   462 | D:4      | Reached skill level 1 in Summonings
   462 | D:4      | Reached skill level 1 in Necromancy
   462 | D:4      | Reached skill level 1 in Translocations
   462 | D:4      | Reached skill level 1 in Transmutations
   462 | D:4      | Reached skill level 1 in Fire Magic
   462 | D:4      | Reached skill level 1 in Ice Magic
   462 | D:4      | Reached skill level 1 in Air Magic
   462 | D:4      | Reached skill level 1 in Earth Magic
   462 | D:4      | Reached skill level 1 in Poison Magic
   497 | D:4      | Reached XP level 5. HP: 37/37 MP: 9/12
   545 | D:4      | Reached skill level 3 in Short Blades
   554 | D:4      | Noticed Menkaure
   560 | D:4      | Reached XP level 6. HP: 44/44 MP: 2/13
   580 | D:4      | Killed Menkaure
   580 | D:4      | Reached skill level 2 in Fighting
   580 | D:4      | Reached skill level 2 in Long Blades
   580 | D:4      | Reached skill level 2 in Axes
   580 | D:4      | Reached skill level 2 in Maces & Flails
   580 | D:4      | Reached skill level 2 in Polearms
   580 | D:4      | Reached skill level 2 in Staves
   580 | D:4      | Reached skill level 2 in Slings
   580 | D:4      | Reached skill level 2 in Bows
   580 | D:4      | Reached skill level 2 in Crossbows
   580 | D:4      | Reached skill level 2 in Throwing
   580 | D:4      | Reached skill level 2 in Armour
   580 | D:4      | Reached skill level 5 in Dodging
   580 | D:4      | Reached skill level 2 in Shields
   580 | D:4      | Reached skill level 2 in Unarmed Combat
   580 | D:4      | Reached skill level 2 in Invocations
   580 | D:4      | Reached skill level 2 in Evocations
   586 | D:4      | Got a heavy robe
   597 | D:4      | Identified the +1 robe "Noforywna" {*Contam +Inv Regen+ Dex+6} (You found it on level 4 of the Dungeon)
   625 | D:4      | Reached XP level 7. HP: 50/50 MP: 11/15
   641 | D:3      | Found a deep blue altar of Sif Muna.
   709 | D:4      | Noticed Natasha
   716 | D:4      | Killed Natasha
   798 | D:5      | Reached skill level 2 in Conjurations
   798 | D:5      | Reached skill level 2 in Charms
   798 | D:5      | Reached skill level 2 in Summonings
   798 | D:5      | Reached skill level 2 in Necromancy
   798 | D:5      | Reached skill level 2 in Translocations
   798 | D:5      | Reached skill level 2 in Transmutations
   798 | D:5      | Reached skill level 2 in Fire Magic
   798 | D:5      | Reached skill level 2 in Ice Magic
   798 | D:5      | Reached skill level 2 in Air Magic
   798 | D:5      | Reached skill level 2 in Earth Magic
   798 | D:5      | Reached skill level 2 in Poison Magic
   958 | D:6      | Noticed Blork the orc
   962 | D:6      | Killed Blork the orc
   976 | D:6      | Reached skill level 3 in Invocations
   985 | D:6      | Reached skill level 6 in Hexes
   985 | D:6      | Reached XP level 8. HP: 9/57 MP: 3/16
  1091 | D:6      | Reached skill level 3 in Fighting
  1091 | D:6      | Reached skill level 4 in Short Blades
  1091 | D:6      | Reached skill level 3 in Long Blades
  1091 | D:6      | Reached skill level 3 in Axes
  1091 | D:6      | Reached skill level 3 in Maces & Flails
  1091 | D:6      | Reached skill level 3 in Polearms
  1091 | D:6      | Reached skill level 3 in Staves
  1091 | D:6      | Reached skill level 3 in Slings
  1091 | D:6      | Reached skill level 3 in Bows
  1091 | D:6      | Reached skill level 3 in Crossbows
  1091 | D:6      | Reached skill level 3 in Throwing
  1091 | D:6      | Reached skill level 3 in Armour
  1091 | D:6      | Reached skill level 3 in Shields
  1091 | D:6      | Reached skill level 3 in Unarmed Combat
  1091 | D:6      | Reached skill level 3 in Evocations
  1117 | D:5      | Noticed Iko's ghost (weakling CeNe)
  1118 | D:5      | Killed Iko's ghost
  1150 | D:5      | Noticed Dowan
  1150 | D:5      | Noticed Duvessa
  1158 | D:5      | Killed Dowan
  1165 | D:5      | Killed Duvessa
  1165 | D:5      | Reached skill level 6 in Spellcasting
  1249 | D:7      | Noticed a hornet
  1268 | D:7      | Killed a hornet
  1268 | D:7      | Reached skill level 7 in Stealth
  1330 | D:7      | Reached skill level 3 in Conjurations
  1330 | D:7      | Reached skill level 3 in Charms
  1330 | D:7      | Reached skill level 3 in Summonings
  1330 | D:7      | Reached skill level 3 in Necromancy
  1330 | D:7      | Reached skill level 3 in Translocations
  1330 | D:7      | Reached skill level 3 in Transmutations
  1330 | D:7      | Reached skill level 3 in Fire Magic
  1330 | D:7      | Reached skill level 3 in Ice Magic
  1330 | D:7      | Reached skill level 3 in Air Magic
  1330 | D:7      | Reached skill level 3 in Earth Magic
  1330 | D:7      | Reached skill level 3 in Poison Magic
  1330 | D:7      | Reached skill level 4 in Invocations
  1372 | D:6      | Reached skill level 6 in Dodging
  1372 | D:6      | Reached XP level 9. HP: 60/65 MP: 6/18
  1442 | D:6      | Found Delil's Food Emporium.
  1538 | D:6      | Found Gurenkei's Elemental Accessories.
  1750 | D:4      | Noticed Natasha
  1814 | D:5      | Found a staircase to the Ecumenical Temple.
  1819 | Temple   | Entered the Ecumenical Temple
  1829 | Temple   | Became a worshipper of Cheibriados the Contemplative
  1994 | D:8      | Found a staircase to the Lair.
  1998 | Lair:1   | Entered Level 1 of the Lair of Beasts
  2002 | Lair:1   | Reached skill level 4 in Fighting
  2002 | Lair:1   | Reached skill level 4 in Long Blades
  2002 | Lair:1   | Reached skill level 4 in Axes
  2002 | Lair:1   | Reached skill level 4 in Maces & Flails
  2002 | Lair:1   | Reached skill level 4 in Polearms
  2002 | Lair:1   | Reached skill level 4 in Staves
  2002 | Lair:1   | Reached skill level 4 in Slings
  2002 | Lair:1   | Reached skill level 4 in Bows
  2002 | Lair:1   | Reached skill level 4 in Crossbows
  2002 | Lair:1   | Reached skill level 4 in Throwing
  2002 | Lair:1   | Reached skill level 4 in Armour
  2002 | Lair:1   | Reached skill level 4 in Shields
  2002 | Lair:1   | Reached skill level 4 in Unarmed Combat
  2002 | Lair:1   | Reached skill level 4 in Evocations
  2015 | Lair:1   | Noticed a rime drake
  2019 | Lair:1   | Killed a rime drake
  2027 | Lair:1   | Reached skill level 5 in Short Blades
  2051 | Lair:1   | Noticed a spiny frog
  2061 | Lair:1   | Killed a spiny frog
  2101 | Lair:1   | Got a bloodstained short sword
  2102 | Lair:1   | Identified the +7 short sword "Weoxeboaq" {freeze, rPois rC+ Dex+4} (You found it on level 1 of the Lair of Beasts)
  2143 | Lair:1   | Noticed a four-headed hydra
  2152 | Lair:1   | Killed a four-headed hydra
  2152 | Lair:1   | Reached skill level 7 in Spellcasting
  2152 | Lair:1   | Reached skill level 4 in Conjurations
  2152 | Lair:1   | Reached skill level 4 in Charms
  2152 | Lair:1   | Reached skill level 4 in Summonings
  2152 | Lair:1   | Reached skill level 4 in Necromancy
  2152 | Lair:1   | Reached skill level 4 in Translocations
  2152 | Lair:1   | Reached skill level 4 in Transmutations
  2152 | Lair:1   | Reached skill level 4 in Fire Magic
  2152 | Lair:1   | Reached skill level 4 in Ice Magic
  2152 | Lair:1   | Reached skill level 4 in Air Magic
  2152 | Lair:1   | Reached skill level 4 in Earth Magic
  2152 | Lair:1   | Reached skill level 4 in Poison Magic
  2152 | Lair:1   | Reached skill level 5 in Invocations
  2152 | Lair:1   | Reached XP level 10. HP: 25/73 MP: 20/20
  2290 | Lair:1   | Noticed a spiny frog
  2330 | Lair:2   | Noticed a spiny frog
  2334 | Lair:2   | Killed a spiny frog
  2334 | Lair:2   | Reached skill level 5 in Fighting
  2334 | Lair:2   | Reached skill level 5 in Long Blades
  2334 | Lair:2   | Reached skill level 5 in Axes
  2334 | Lair:2   | Reached skill level 5 in Maces & Flails
  2334 | Lair:2   | Reached skill level 5 in Polearms
  2334 | Lair:2   | Reached skill level 5 in Staves
  2334 | Lair:2   | Reached skill level 5 in Slings
  2334 | Lair:2   | Reached skill level 5 in Bows
  2334 | Lair:2   | Reached skill level 5 in Crossbows
  2334 | Lair:2   | Reached skill level 5 in Throwing
  2334 | Lair:2   | Reached skill level 5 in Armour
  2334 | Lair:2   | Reached skill level 5 in Shields
  2334 | Lair:2   | Reached skill level 5 in Unarmed Combat
  2334 | Lair:2   | Reached skill level 5 in Evocations
  2355 | Lair:3   | Reached skill level 7 in Hexes
  2443 | Lair:2   | Learned a level 2 spell: Sticks to Snakes
  2451 | Lair:2   | Learned a level 5 spell: Blade Hands
  2462 | Lair:2   | Reached * piety under Cheibriados
  2465 | Lair:2   | Reached skill level 8 in Stealth
  2468 | Lair:2   | Reached skill level 7 in Dodging
  2592 | Lair:3   | Found a staircase to the Swamp.
  2605 | Lair:3   | Reached skill level 6 in Short Blades
  2626 | Lair:3   | Learned a level 4 spell: Ice Form
  2627 | Swamp:1  | Entered Level 1 of the Swamp
  2627 | Swamp:1  | Noticed an alligator
  2627 | Swamp:1  | Noticed CptBowmore's ghost (journeyman TrBe)
  2632 | Swamp:1  | Noticed a spiny frog
  2641 | Swamp:1  | Noticed a spriggan rider
  2642 | Swamp:1  | Noticed a ghost crab
  2642 | Swamp:1  | Killed an alligator
  2642 | Swamp:1  | Reached skill level 6 in Invocations
  2664 | Swamp:1  | Noticed a spectral eight-headed hydra
  2669 | Swamp:1  | Noticed a shambling mangrove
  2672 | Swamp:1  | Quit the game

Skill      XL: |  1  2  3  4  5  6  7  8  9 10 |
---------------+-------------------------------+-----
Spellcasting   | 5 6 7 |  7.5
Stealth        | 6 7 8 |  8.2
Invocations    | 1 2 3 4 5 6 |  6.0
Fighting       | 1 2 3 4 5 |  5.4
Long Blades    | 1 2 3 4 5 |  5.4
Axes           | 1 2 3 4 5 |  5.4
Maces & Flails | 1 2 3 4 5 |  5.4
Polearms       | 1 2 3 4 5 |  5.4
Staves         | 1 2 3 4 5 |  5.4
Slings         | 1 2 3 4 5 |  5.4
Bows           | 1 2 3 4 5 |  5.4
Crossbows      | 1 2 3 4 5 |  5.4
Throwing       | 1 2 3 4 5 |  5.4
Armour         | 1 2 3 4 5 |  5.4
Shields        | 1 2 3 4 5 |  5.4
Unarmed Combat | 1 2 3 4 5 |  5.4
Evocations     | 1 2 3 4 5 |  5.4
Conjurations   | 1 2 3 4 |  4.5
Charms         | 1 2 3 4 |  4.5
Summonings     | 1 2 3 4 |  4.5
Necromancy     | 1 2 3 4 |  4.5
Translocations | 1 2 3 4 |  4.5
Transmutations | 1 2 3 4 |  4.5
Fire Magic     | 1 2 3 4 |  4.5
Ice Magic      | 1 2 3 4 |  4.5
Air Magic      | 1 2 3 4 |  4.5
Earth Magic    | 1 2 3 4 |  4.5
Poison Magic   | 1 2 3 4 |  4.5
Short Blades   | 3 4 5 6 |  6.1
Dodging        | 5 6 7 |  7.2
Hexes          | 6 7 |  7.2

Action                   |  1- 3 |  4- 6 |  7- 9 | 10-12 || total
-------------------------+-------+-------+-------+-------++-------
Melee: Dagger            |    31 |     8 |   110 |    25 ||   174
       Bite              |     1 |       |    11 |     3 ||    15
       Punch             |       |       |     2 |       ||     2
       Short sword       |       |       |     1 |       ||     1
       Unarmed           |       |       |       |    15 ||    15
Throw: Tomahawk          |       |       |     1 |       ||     1
 Cast: Corona            |     4 |       |       |       ||     4
       Ensorcelled Hiber |     6 |     7 |    42 |    10 ||    65
       Confuse           |     4 |       |    15 |     2 ||    21
       Dazzling Spray    |       |       |     8 |       ||     8
       Sticks to Snakes  |       |       |       |     4 ||     4
       Blade Hands       |       |       |       |     1 ||     1
 Abil: Evoke Invisibilit |       |       |       |     1 ||     1
Evoke: Wand              |       |     2 |     9 |     3 ||    14
  Use: Scroll            |     2 |     1 |     7 |     6 ||    16
       Potion            |       |       |     2 |     3 ||     5
 Stab: Sleeping          |    14 |     8 |    40 |     8 ||    70
       Confused          |     1 |       |     4 |     2 ||     7
       Invisible         |       |       |     5 |       ||     5
       Distracted        |       |       |       |     1 ||     1
  Eat: Chunk             |       |       |     5 |     2 ||     7
Armor: Robe              |     1 |     1 |    15 |     9 ||    26
Dodge: Dodged            |    15 |     3 |    71 |    66 ||   155

Table legend:
 A = Turns spent in this place as a percentage of turns spent in the entire game.
 B = Non-inter-level travel turns spent in this place as a percentage of non-inter-level travel turns spent in the entire game.
 C = Inter-level travel turns spent in this place as a percentage of turns spent in this place.
 D = Turns resting spent in this place as a percentage of non-inter-level travel turns spent in this place.
 E = Turns spent auto-exploring this place as a percentage of non-inter-level travel turns spent in this place.
 F = Non-inter-level travel turns spent in this place divided by the number of levels of this place that you've seen.
                   A       B       C       D       E      F
               +-------+-------+-------+-------+-------+----------------------
         Total | 100.0 | 100.0 |   3.4 |   0.0 |   0.0 | 198.5
       Dungeon |  74.0 |  73.4 |   4.2 |   0.0 |   0.0 | 236.6
        Temple |   0.8 |   0.5 |  38.1 |   0.0 |   0.0 |  13.0
          Lair |  23.5 |  24.4 |   0.0 |   0.0 |   0.0 | 209.7
         Swamp |   1.7 |   1.7 |   0.0 |   0.0 |   0.0 |  45.0
               +-------+-------+-------+-------+-------+----------------------

Table legend:
 A = Kills in this place as a percentage of kills in entire the game.
 B = Kills by you in this place as a percentage of kills by you in the entire game.
 C = Kills by friends in this place as a percentage of kills by friends in the entire game.
 D = Other kills in this place as a percentage of other kills in the entire game.
 E = Experience gained in this place as a percentage of experience gained in the entire game.
 F = Experience gained in this place divided by the number of levels of this place that you have seen.
                   A       B       C       D       E      F
               +-------+-------+-------+-------+-------+----------------------
         Total | 100.0 | 100.0 | 100.0 |   N/A | 100.0 | 622.6
       Dungeon |  76.4 |  77.1 |   0.0 |   N/A |  34.0 | 344.2
          Lair |  22.6 |  21.9 | 100.0 |   N/A |  55.2 | 1488.0
         Swamp |   0.9 |   1.0 |   0.0 |   N/A |  10.8 | 876.0
               +-------+-------+-------+-------+-------+----------------------

Vault maps used:
D:1:      eino_arrival_druids_welcome
D:3:      overflow_temple_1_default, uniq_terence
D:4:      uniq_natasha, uniq_menkaure
D:5:      nicolae_ru_the_path_less_chosen, minmay_temple_entry_nine_rooms,
          first_ration, serial_bayou_ford_a, uniq_duvessa
D:6:      serial_shops, shop, nicolae_elemental_shop, uniq_blork_the_orc
D:8:      lair_entry_dummy, hangedman_ranch
Temple:   nicolae_temple_great_sept
Lair:1:   patterned_corridor
Lair:2:   lemuel_fruit_tree
Lair:3:   swamp_mist_pool, spider_nest_entry_rubble, minmay_lair_oklob_chamber
Swamp:1:  evilmike_swamp_ruin_house_5, swamp_pool5, uniq_donald, uniq_nikola
